 Dungeon Crawl Stone Soup version bcrawl-1.19.2-6-g6a88ae04c9 (webtiles) character file.

Game seed: 18242470655264412274

71 Mrkan the Shield-Bearer (level 4, 0/31 HPs)
             Began as an Octopode Fighter on Jan 7, 2020.
             Was an Initiate of Wu Jian.
             Slain by a kobold
             ... wielding a +0 dagger
              (4 damage)
             ... on level 2 of the Dungeon.
             The game lasted 00:03:00 (2027 turns).

Mrkan the Shield-Bearer (Octopode Fighter)          Turns: 2027, Time: 00:03:00

Health: 0/31       AC:  1    Str: 16    XL:     4   Next: 24%
Magic:  4/4        EV: 12    Int: 10    God:    Wu Jian [......]
Gold:   118        SH:  9    Dex: 11    Spells: 3/3 levels left

rFire    . . .     SeeInvis .   a - +0 war axe
rCold    . . .     Gourm    .   b - +0 shield
rNeg     . . .     Faith    .   (helmet restricted)
rPois    .         Spirit   .   (cloak restricted)
rElec    .         Reflect  .   (no amulet)
rCorr    .         Harm     .   (no ring)
MR       .....                  (no ring)
Stlth    ++........             (no ring)
HPRegen  0.10/turn              (no ring)
MPRegen  0.09/turn              (no ring)
                                (no ring)
                                (no ring)
                                (no ring)

@: no status effects
A: almost no armour, stealthy swim, amphibious, 8 rings, constrict 8, camouflage
1, gelatinous body 1
a: Renounce Religion


You were on level 2 of the Dungeon.
You worshipped Wu Jian.
Wu Jian was noncommittal.
You were hungry.

You visited 1 branch of the dungeon, and saw 3 of its levels.

You collected 118 gold pieces.

Inventory:

Hand Weapons
 a - a +0 war axe (weapon)
Armour
 b - a +0 shield (worn)
Jewellery
 j - an uncursed amulet of rage {unknown}
 n - a cursed +3 amulet of reflection {unknown}
Scrolls
 e - 2 scrolls of remove curse {unknown}
 g - a scroll of blinking {unknown}
 h - 2 scrolls of identify {unknown}
 i - a scroll of immolation {unknown}
 l - 2 scrolls of teleportation {unknown}
 m - a scroll of fog {unknown}
 p - a scroll of enchant weapon {unknown}
 q - a scroll of enchant armour {unknown}
Potions
 c - a potion of might
 f - a potion of degeneration {unknown}
 k - a potion of flight {unknown}
 o - a potion of heal wounds {unknown}
 r - a potion of haste {unknown}
 s - a potion of agility {unknown}
Comestibles
 d - 3 rations {!d}


   Skills:
 + Level 3.4 Fighting
 * Level 3.1 Axes
 + Level 3.4 Dodging
 + Level 3.4 Shields


You had 3 spell levels left.
You didn't know any spells.
Your spell library was empty.

Dungeon Overview and Level Annotations

Branches:
Dungeon (3/12)

Altars:
Dithmenos
Elyvilon
Gozag
Kikubaaqudgha
Okawaru
Vehumet
Wu Jian


Innate Abilities, Weirdness & Mutations

You cannot wear most types of armour.
You are very stealthy in the water. (Stealth+)
You are amphibious.
You can wear up to eight rings at the same time.
You can use your tentacles to constrict eight enemies at once.
Your skin changes colour to match your surroundings (Stealth+).
Your rubbery body absorbs attacks. (AC +1, EV +1)


Message History

The jackal bites you. The hound closely misses you.
The kobold hits you with a +0 dagger. The gnoll hits you with a +0 whip.
The gnoll hits you from afar with a +0 spear.
The jackal bites you. The hound bites you.
There is a stone staircase leading up, spattered with blood here.
You block the jackal's attack. The kobold completely misses you.
The hound bites you but does no damage. The kobold hits you but does no damage.
The gnoll hits you with a +0 whip!
* * * LOW HITPOINT WARNING * * *
The gnoll closely misses you.
You climb upwards.
There is a stone staircase leading down here.
You closely miss the kobold. Your grab misses the kobold. You hit the jackal.
You kill the jackal!
The Council accepts your kill.
You barely miss the hound. You closely miss the kobold.
You are feeling hungry.
You block the hound's attack. You block the kobold's attack.
The kobold hits you with a +0 dagger.
You die...

########### #######
#.........# #....g#
#.#####.#.#
#.###K######.#####.#.#
#.#..h@K........##.#.##
#.#.#.######.#.........
#.....# #.......#.##
###.### #.......#.# #.#
#.##.####(# #.#
#....<....# #.#
####.###### #.# ##'## #
#.# ##...## #


You could see a hound, a gnoll and 2 kobolds.

Vanquished Creatures
  A gnoll (D:2)
  2 worms (D:2)
  A dart slug (D:1)
  3 leopard geckos
  7 bats
  3 giant cockroaches
  5 hobgoblins
  7 jackals (D:2)
  A quokka (D:3)
  A frilled lizard (D:2)
  2 goblins
  8 kobolds
  8 rats
49 creatures vanquished.

Notes
Turn   | Place    | Note
-------+----------+-------------------------------------------
     0 | D:1      | Mrkan the Octopode Fighter began the quest for the Orb.
     0 | D:1      | Reached XP level 1. HP: 16/16 MP: 1/1
   294 | D:1      | Reached XP level 2. HP: 19/21 MP: 2/2
   675 | D:1      | Reached XP level 3. HP: 20/26 MP: 3/3
  1069 | D:2      | Found an ancient bone altar of Kikubaaqudgha.
  1071 | D:2      | Found a shadowy altar of Dithmenos.
  1072 | D:2      | Found a white marble altar of Elyvilon.
  1079 | D:2      | Found an ornate altar of the Wu Jian Council.
  1106 | D:2      | Found an iron altar of Okawaru.
  1113 | D:2      | Became a worshipper of the Wu Jian Council
  1213 | D:2      | Found a radiant altar of Vehumet.
  1213 | D:2      | Found an opulent altar of Gozag.
  1730 | D:2      | Reached XP level 4. HP: 25/31 MP: 4/4
  1783 | D:2      | Found a faded altar of an unknown god.
  2027 | D:2      | Slain by a kobold

Skill      XL: |  1  2  3 |
---------------+----------+-----
Axes           | 3 |  3.1
Fighting       | |  3.4
Dodging        | |  3.4
Shields        | |  3.4

Action                   |  1- 3 |  4- 6 || total
-------------------------+-------+-------++-------
Melee: War axe           |    67 |     7 ||    74
       Constrict         |    23 |     2 ||    25
       Tentacles         |    15 |       ||    15
Invok: Whirlwind         |     3 |       ||     3
       Lunge             |     2 |     2 ||     4
 Stab: Sleeping          |    10 |     1 ||    11
  Eat: Chunk             |     2 |     1 ||     3
Armor: Skin              |     4 |     1 ||     5
Dodge: Dodged            |    23 |     4 ||    27
Block: Shield            |    27 |     9 ||    36
